 Dungeon Crawl Stone Soup version 0.19-a0-1216-g363869b (webtiles) character file.

155 Lindan9 the Chiller (level 5, -2/36 HPs)
             Began as a Vampire Ice Elementalist on Aug 24, 2016.
             Was a Follower of Kikubaaqudgha.
             Slain by a shadow imp (6 damage)
             ... summoned by Eustachio
             ... on level 4 of the Dungeon.
             The game lasted 00:23:09 (3322 turns).

Lindan9 the Chiller (Vampire Ice Elementalist)      Turns: 3322, Time: 00:23:09

Health: -2/36      AC:  5    Str:  7      XL:     5   Next: 14%
Magic:  0/9        EV: 13    Int: 23      God:    Kikubaaqudgha [*.....]
Gold:   135        SH:  0    Dex: 13 (15) Spells: 2 memorised, 6 levels left

rFire  . . .     SeeInvis +     g - +0 short sword (curse)
rCold  . . .     Gourm    .     a - +0 robe
rNeg   + . .     Faith    .     (no shield)
rPois  .         Spirit   .     (no helmet)
rElec  .         Dismiss  .     (no cloak)
rCorr  .         Reflect  .     (no gloves)
MR     .....     Harm     .     e - +2 pair of boots
Stlth  +++.......               (no amulet)
                                (no ring)
                                (no ring)

@: brilliant, slowed, very slow
A: fangs 3, see invisible, unbreathing
a: Bat Form, Receive Corpses, Renounce Religion


You were on level 4 of the Dungeon.
You worshipped Kikubaaqudgha.
Kikubaaqudgha was aware of your devotion.
You were not thirsty.

You visited 1 branch of the dungeon, and saw 4 of its levels.

You collected 135 gold pieces.

Inventory:

Hand Weapons
 g - a cursed +0 short sword (weapon)
 i - a +0 dagger
 j - a +0 dagger
 l - a +2 dagger of draining
Armour
 a - a +0 robe (worn)
 e - a +2 pair of boots (worn)
Scrolls
 f - 3 scrolls of identify
 k - a scroll of fog
 n - 2 scrolls of recharging {unknown}
Potions
 c - 10 potions of blood
 d - a potion of degeneration
 h - 2 potions of curing
Books
 b - a book of Frost

   Spells                             Type                      Level
   a - Freeze                         Ice                          1
   b - Throw Frost                    Conjuration/Ice              2
   c - Ozocubu's Armour               Charms/Ice                   3
   d - Throw Icicle                   Conjuration/Ice              4
   e - Summon Ice Beast               Ice/Summoning                4
 m - Kikubaaqudgha's Papyrus of Necromancy
   (Kikubaaqudgha gifted it to you on level 3 of the Dungeon)

   Spells                             Type                      Level
   a - Pain                           Necromancy                   1
   b - Corpse Rot                     Necromancy                   2
   c - Sublimation of Blood           Necromancy                   2
   d - Vampiric Draining              Necromancy                   3
   e - Control Undead                 Necromancy                   4


   Skills:
 + Level 0.5 Fighting
 + Level 0.4 Short Blades
 + Level 2.9 Dodging
 + Level 3.7 Stealth
 + Level 3.1 Spellcasting
   Level 0.6 Conjurations
 + Level 4.3 Ice Magic


You had 6 spell levels left.
You knew the following spells:

 Your Spells              Type           Power        Failure   Level  Hunger
a - Freeze                Ice            ####         1%          1    None
b - Vampiric Draining     Necr           ###.......   4%          3    ###....


Dungeon Overview and Level Annotations

Branches:
Dungeon (4/15)
 Temple: D:4-7

Altars:
Dithmenos
Gozag
Kikubaaqudgha
Xom

Shops:
D:3 *

Annotations:
D:4 Eustachio


Innate Abilities, Weirdness & Mutations

You have razor-sharp teeth.
You have supernaturally acute eyesight. (SInv)
You can survive without breathing.


Message History

The bat hits you but does no damage. x2; The white imp barely misses you.
Eustachio zaps a wand.
You feel as though you will be slow longer.
The rat bites you.
* * * LOW HITPOINT WARNING * * *
The white imp gestures at you. The puff of frost hits you!
* * * LOW HITPOINT WARNING * * *
The bat hits you but does no damage.
Eustachio zaps a wand.
You resist with some effort.
You hit Eustachio.
Eustachio is almost dead.
The bat barely misses you. The bat hits you but does no damage.
The rat bites you.
* * * LOW HITPOINT WARNING * * *
The giant gecko skeleton barely misses you.
The bat hits you but does no damage. The white imp closely misses you.
Eustachio misses you. The shadow imp hits you.
You die...
Kikubaaqudgha rasps: "You have failed me!
Welcome... oblivion!"

##.. ## ...#
#.. #..# #...
#..#
....###..######
......#<.......
#....5b......
##.(@rb####.#
##.5@## #.5Z#
##..# ...#
..#.. .###.. .#
#.. .. ..##


You could see Eustachio, an iron imp, a white imp, a shadow imp, 2 bats, a rat
and a giant gecko skeleton.

Vanquished Creatures
  A howler monkey skeleton (D:3)
  7 adders
  2 dart slugs
  2 giant geckos (D:3)
  5 orcs (D:3)
  4 ball pythons
  4 bats
  3 giant cockroaches
  6 goblins
  7 hobgoblins
  9 jackals
  A quokka (D:3)
  3 giant newts
  6 kobolds
  13 rats
73 creatures vanquished.

Notes
Turn   | Place    | Note
-------+----------+-------------------------------------------
     0 | D:1      | Lindan9 the Vampire Ice Elementalist began the quest for the Orb.
     0 | D:1      | Reached XP level 1. HP: 13/13 MP: 3/3
   158 | D:1      | Reached XP level 2. HP: 14/19 MP: 0/5
  1184 | D:2      | Reached XP level 3. HP: 25/25 MP: 4/6
  1427 | D:2      | Found a shimmering altar of Xom.
  1430 | D:2      | Found a shimmering altar of Xom.
  1439 | D:2      | Found a shimmering altar of Xom.
  1439 | D:2      | Found a shimmering altar of Xom.
  1442 | D:2      | Found a shimmering altar of Xom.
  1442 | D:2      | Found a shimmering altar of Xom.
  1607 | D:2      | Found an ancient bone altar of Kikubaaqudgha.
  1629 | D:2      | Became a worshipper of Kikubaaqudgha
  1959 | D:3      | Reached skill level 4 in Ice Magic
  1974 | D:3      | Reached XP level 4. HP: 21/31 MP: 0/7
  2429 | D:3      | Found an opulent altar of Gozag.
  2429 | D:3      | Found Gozag's Platinum Reserve.
  2547 | D:3      | Reached * piety under Kikubaaqudgha
  2547 | D:3      | Identified Kikubaaqudgha's Papyrus of Necromancy (Kikubaaqudgha gifted it to you on level 3 of the Dungeon)
  2547 | D:3      | Received a gift from Kikubaaqudgha
  2623 | D:3      | Learned a level 3 spell: Vampiric Draining
  2762 | D:3      | Found a shadowy altar of Dithmenos.
  2878 | D:3      | Reached XP level 5. HP: 35/36 MP: 4/9
  3300 | D:4      | Noticed Eustachio
  3322 | D:4      | Slain by a shadow imp

Vault maps used:
D:1:      dpeg_arrival_simpleton_b, fountainhead, st_stairs_10
D:2:      xom_redecorated, nicolae_overflow_crystal_walls, minmay_ruptured
D:3:      wad_river_or_something, nicolae_gozag_zags_fifth_avenue,
          grunt_dithmenos_smoke, serial_undead, serial_undead_f,
          serial_undead_d, serial_undead_c, serial_undead_b,
          lemuel_another_geyser
D:4:      first_bread, uniq_eustachio

Skill      XL: |  1  2  3  4 |
---------------+-------------+-----
Ice Magic      | 4 |  4.3
Spellcasting   | 3 |  3.1
Fighting       | |  0.5
Short Blades   | |  0.4
Dodging        | |  2.9
Stealth        | |  3.7
Conjurations   | |  0.6

Action                   |  1- 3 |  4- 6 || total
-------------------------+-------+-------++-------
Melee: Unarmed           |    10 |       ||    10
       Short sword       |    29 |    30 ||    59
       Bite              |     1 |     2 ||     3
 Cast: Freeze            |    61 |    59 ||   120
  Use: Scroll            |     5 |     2 ||     7
       Potion            |     1 |     5 ||     6
 Stab: Sleeping          |     3 |     3 ||     6
       Distracted        |     1 |       ||     1
  Eat: Corpse            |     4 |     2 ||     6
Armor: Robe              |    14 |    48 ||    62
Dodge: Dodged            |    69 |   102 ||   171
